Map: Heavy Artillery LE

Players

Massa

  • Race: Terran Terran
  • League: Platinum
  • Spawn Location: 1:00

qqq

  • Race: Zerg Zerg
  • Spawn Location: 3:00

Farbros - Winner!

  • Race: Protoss Protoss
  • League: Master
  • Spawn Location: 7:00

TbIrEnИй - Winner!

  • Race: Terran Terran
  • Spawn Location: 7:00

VOD

Have the link to the VOD?

Description

Time

  • Played on: Jan. 29, 2021, 10:12 a.m.
  • Length: 18:59
Show
View Real Time Build Order
Export as new Build Order

Massa Terran 

Build Orders:  

Get SALT Encoding   

  12  0:00  SCV  
  13  0:13  SCV  
  14  0:25  SCV  
  15  0:30  Supply Depot  
  15  0:42  Refinery  
  15  0:52  SCV  
  15  0:53  Barracks  
  16  1:04  SCV  
  17  1:16  SCV  
  18  1:28  SCV  
  19  1:48  Barracks Reactor  
  19  1:50  Orbital Command, Command Center  
  19  2:06  Supply Depot  
  19  2:14  Factory  
  19  2:21  SCV  
  20  2:26  Marine x2  
  22  2:33  SCV  
  23  2:44  Marine x2  
  23  2:45  SCV  
  26  3:00  Hellion  
  26  3:02  Marine x2  
  26  3:04  Orbital Command  
  26  3:05  SCV, Supply Depot  
  31  3:17  SCV  
  31  3:29  Barracks Tech Lab, Hellion x2  
  35  3:45  SCV x2  
  37  3:50  Hellion x2  
  37  3:53  Starport  
  41  3:57  SCV x2, Marine  
  44  4:07  Engineering Bay  
  44  4:09  SCV x2, Barracks  
  46  4:10  Barracks  
  46  4:13  Supply Depot  
  46  4:17  Engineering Bay  
  46  4:29  Marine  
  47  4:37  Widow Mine x2  
  51  4:39  Medivac  
  51  4:44  Supply Depot  
  53  4:47  Marine  
  54  4:56  Terran Infantry Weapons Level 1  
  54  4:57  Marine  
  54  4:58  Marine  
  56  5:05  Refinery x2, SCV x2, Marine  
  56  5:06  Refinery  
  59  5:09  Terran Infantry Armor Level 1  
  59  5:15  Marine  
  59  5:16  Marine  
  59  5:17  SCV  
  59  5:18  SCV  
  63  5:23  Marine  
  63  5:24  Widow Mine  
  66  5:30  SCV  
  66  5:33  Missile Turret  
  67  5:38  Missile Turret  
  67  5:41  Barracks Reactor, Barracks Tech Lab  
  67  5:50  Barracks  
  67  5:55  Barracks, Command Center  
  67  6:06  Armory  
  67  6:10  SCV x2  
  69  6:15  Stimpack  
  69  6:19  Concussive Shells  
  69  6:22  SCV  
  70  6:35  SCV  
  70  6:37  SCV  
  70  7:00  Barracks Reactor  
  70  7:03  Supply Depot  
  70  7:05  Supply Depot x3  
  70  7:06  SCV x2, Medivac  
  74  7:08  Terran Infantry Weapons Level 2  
  74  7:10  Terran Infantry Armor Level 2  
  74  7:19  SCV x2  
  76  7:29  Supply Depot  
  76  7:31  SCV x2  
  76  7:32  Supply Depot  
  78  7:37  Factory Tech Lab  
  78  7:43  SCV x2  
  80  7:48  Planetary Fortress  
  80  7:54  Terran Vehicle Weapons Level 1  
  80  7:55  SCV x2, Combat Shield  
  82  7:59  Marauder x2, Marine  
  82  8:00  Marine x3  
  91  8:07  SCV x2  
  91  8:10  Sensor Tower  
  91  8:12  Barracks Tech Lab  
  92  8:17  Marine  
  92  8:18  Marine x3  
  96  8:20  Armory, Marauder, Marine  
  96  8:23  Factory  
  99  8:27  Medivac  
  101  8:35  Marine  
  102  8:43  SCV  
  102  8:44  SCV x2  
  102  8:46  Missile Turret  
  102  8:48  Missile Turret  
  105  8:52  Refinery  
  105  8:56  Refinery, SCV x3  
  108  9:04  Thor  
  108  9:06  Factory Tech Lab, Missile Turret  
  108  9:07  Missile Turret  
  108  9:08  SCV x2  
  116  9:12  Factory  
  116  9:24  SCV x3  
  118  9:28  Missile Turret  
  119  9:32  Terran Infantry Weapons Level 3  
  119  9:36  SCV x3  
  119  9:38  Terran Infantry Armor Level 3  
  122  9:54  Command Center  
  122  9:58  Marine x2  
  122  9:59  Marauder  
  126  10:00  Factory Tech Lab  
  126  10:01  Thor  
  132  10:07  Terran Vehicle And Ship Armor Level 1  
  132  10:09  Terran Vehicle Weapons Level 2  
  132  10:17  Marine  
  133  10:25  Missile Turret x3  
  133  10:26  Supply Depot  
  133  10:29  Supply Depot  
  133  10:30  Supply Depot  
  133  10:32  Supply Depot  
  133  10:45  Missile Turret  
  133  10:48  SCV x2, Marine x4, Medivac  
  141  10:50  Supply Depot x2  
  141  10:51  SCV, Marine x3, Thor, Medivac  
  141  10:54  Supply Depot  
  141  10:55  Supply Depot  
  153  11:00  SCV  
  153  11:03  Thor  
  160  11:05  Thor  
  160  11:06  Marauder, Marine x3  
  160  11:07  Smart Servos  
  160  11:09  Marine x3  
  160  11:11  Drilling Claws  
  174  11:12  Command Center  
  174  11:14  Supply Depot  
  174  11:24  Marauder  
  176  11:32  Medivac  
  176  11:33  Medivac  
  176  11:34  Marauder, Marine x4  
  176  11:35  Marauder  
  188  11:41  Thor  
  188  11:43  Command Center  
  188  11:45  Marauder  
  196  11:51  Marine  
  197  11:55  Planetary Fortress  
  197  11:58  Refinery  
  197  12:00  Refinery  
  196  12:09  Hi-Sec Auto Tracking  
  196  12:41  Thor  
  188  12:54  Thor x2  
  144  13:15  Marauder x2, Marine x2  
  144  13:16  Marauder, Marine x2  
  144  13:18  Medivac x2  
  134  13:24  Thor  
  140  13:33  Marine x4  
  144  13:36  Marauder, Marine x2  
  144  13:37  Planetary Fortress, Thor  
  154  13:48  Medivac  
  154  13:50  Barracks  
  154  13:51  Barracks  
  154  13:52  Neosteel Armor  
  154  13:53  Marine x3  
  154  13:54  Barracks, Marauder, Marine  
  154  13:55  Marauder  
  164  13:58  Marauder  
  164  14:11  Marine x4  
  164  14:16  Marauder, Marine  
  171  14:19  Marine  
  154  14:29  Marine x2  
  147  14:33  Marine  
  147  14:34  Marauder, Marine  
  147  14:37  Marauder x2  
  153  14:42  Barracks Reactor, Barracks Tech Lab x2  
  153  14:46  Marine  
  153  14:47  Marine  
  153  14:51  Marine  
  153  14:52  Marine  
  157  14:55  Marauder  
  157  14:58  Marauder  
  157  14:59  Marauder  
  163  15:04  Marine  
  163  15:05  Marine  
  165  15:07  Thor  
  165  15:08  Thor x2  
  165  15:09  Marine  
  165  15:10  Marauder x2, Marine  
  189  15:17  Marauder  
  189  15:19  Marine x2  
  193  15:22  Marine  
  193  15:23  Marine  
  195  15:29  Refinery  
  195  15:31  Marauder  
  195  15:32  Marauder  
  195  15:35  Marine  
  180  16:09  Medivac x2  
  178  16:39  Medivac x2  
  136  16:49  Marauder x4  
  136  16:50  Marauder, Marine x2  
  136  16:51  Marine x4  
  150  16:57  Thor x3  
  144  17:08  Marine x6  
  145  17:11  Marauder x5  
  150  17:26  Marine x4  
  128  17:37  Marauder x5  
  128  17:38  Marine  
  128  17:40  Thor x3  
  149  17:58  Marauder  
  134  18:17  Marine  
  134  18:18  Marine x9  
  134  18:19  Marine  
  154  18:35  Marine x2  
Show
View Real Time Build Order
Export as new Build Order

qqq Zerg 

Build Orders: Hatch First 

Get SALT Encoding   

  12  0:01  Drone  
  13  0:11  Drone  
  14  0:20  Overlord  
  14  0:46  Hatchery  
  13  0:50  Drone  
  13  0:52  Drone  
  13  0:56  Drone  
  16  1:17  Extractor, Spawning Pool  
  14  1:22  Drone  
  14  1:23  Extractor  
  14  1:24  Drone  
  15  1:35  Drone  
  15  1:38  Drone  
  18  1:48  Drone  
  19  1:58  Drone  
  19  2:00  Drone  
  21  2:06  Queen  
  25  2:11  Drone  
  25  2:15  Overlord  
  24  2:19  Lair  
  24  2:23  Extractor  
  24  2:24  Drone  
  24  2:27  Drone  
  24  2:29  Drone  
  26  2:33  Drone  
  27  2:42  Queen  
  27  2:43  Drone  
  30  2:52  Overlord  
  30  2:53  Drone  
  30  2:54  Drone  
  32  3:02  Drone  
  32  3:04  Drone  
  34  3:14  Overlord  
  34  3:18  Drone, Spire  
  34  3:19  Drone  
  35  3:23  Drone  
  35  3:25  Drone  
  35  3:26  Drone  
  38  3:38  Drone  
  38  3:39  Infestation Pit  
  38  3:40  Drone  
  39  3:42  Drone  
  39  3:46  Drone  
  41  3:54  Drone x3  
  44  3:56  Drone x3  
  47  4:07  Drone  
  48  4:12  Hatchery, Extractor  
  48  4:14  Extractor  
  45  4:21  Infestor  
  47  4:25  Drone x2  
  47  4:29  Drone x3  
  52  4:38  Overlord  
  52  4:39  Overlord x2  
  52  4:40  Overlord  
  52  4:41  Zerg Flyer Weapons Level 1  
  52  4:48  Spore Crawler  
  52  4:49  Mutalisk, Spore Crawler  
  52  4:50  Spore Crawler  
  51  4:57  Drone  
  52  5:01  Mutalisk  
  52  5:03  Mutalisk  
  52  5:06  Mutalisk  
  58  5:22  Infestor  
  58  5:27  Drone  
  58  5:28  Mutalisk, Overlord  
  63  5:36  Drone x2  
  65  5:44  Mutalisk x2  
  65  5:46  Drone  
  65  5:48  Overlord x2  
  70  6:00  Drone  
  70  6:03  Mutalisk  
  73  6:04  Hatchery, Mutalisk  
  74  6:12  Drone  
  74  6:13  Corruptor  
  74  6:14  Hatchery  
  74  6:16  Drone  
  77  6:34  Mutalisk x2  
  77  6:36  Drone x2  
  77  6:37  Hatchery  
  82  6:47  Overseer x2  
  82  6:52  Extractor x2, Pneumatized Carapace  
  80  7:01  Drone  
  80  7:02  Drone  
  80  7:04  Drone, Hive  
  83  7:16  Drone x2  
  85  7:24  Queen  
  85  7:25  Drone  
  88  7:31  Drone x2  
  88  7:32  Corruptor  
  88  7:33  Corruptor  
  88  7:35  Infestor  
  96  7:38  Drone x3  
  96  7:41  Overlord  
  96  7:42  Overlord x2  
  99  7:50  Corruptor  
  101  7:57  Infestor  
  101  7:58  Drone x5  
  106  7:59  Queen  
  106  8:00  Extractor  
  106  8:02  Extractor  
  106  8:03  Spine Crawler  
  106  8:05  Drone x3  
  110  8:06  Hatchery  
  110  8:08  Overlord  
  110  8:09  Corruptor  
  111  8:12  Corruptor  
  111  8:13  Hatchery  
  111  8:18  Zerg Flyer Armor Level 1  
  111  8:19  Drone x2  
  114  8:20  Drone  
  114  8:21  Drone  
  114  8:23  Drone  
  117  8:30  Neural Parasite  
  117  8:34  Drone x3  
  117  8:35  Drone x4, Queen  
  117  8:38  Corruptor  
  128  8:43  Drone  
  128  8:44  Drone x3  
  132  8:49  Drone  
  132  8:50  Overlord x3  
  133  8:55  Spire  
  133  9:10  Drone x7  
  139  9:30  Extractor  
  139  9:31  Extractor  
  137  9:32  Drone x6  
  137  9:33  Drone x3  
  137  9:34  Drone, Corruptor x6  
  159  9:38  Drone  
  159  9:39  Drone x3  
  159  9:42  Extractor  
  159  9:44  Extractor  
  161  9:51  Corruptor x2  
  161  9:52  Corruptor  
  165  9:56  Corruptor  
  165  9:57  Corruptor x2  
  165  9:59  Infestor  
  175  10:03  Infestor  
  177  10:10  Overlord  
  177  10:11  Overlord x2  
  177  10:12  Zerg Flyer Weapons Level 2  
  177  10:23  Spore Crawler  
  177  10:24  Spore Crawler  
  177  10:25  Spine Crawler, Spore Crawler  
  177  10:26  Spore Crawler  
  172  10:28  Spine Crawler  
  172  10:29  Drone x3, Corruptor x2  
  172  10:30  Corruptor x2  
  182  10:36  Infestor  
  182  10:40  Pathogen Glands  
  184  10:43  Drone x2  
  184  10:44  Drone  
  183  11:14  Infestor x7  
  196  11:18  Drone x2  
  196  11:19  Drone x2  
  200  11:38  Spine Crawler  
  200  11:39  Spore Crawler  
  198  11:40  Drone, Spine Crawler  
  198  11:41  Drone x2  
  198  11:43  Spore Crawler  
  198  11:46  Zergling x2  
  200  11:49  Greater Spire  
  200  11:57  Evolution Chamber  
  199  12:02  Evolution Chamber  
  199  12:03  Spire  
  197  12:28  Zerg Flyer Armor Level 2  
  191  12:31  Overseer x3  
  126  13:03  Infestor x5  
  126  13:04  Zergling x2, Corruptor x5  
  126  13:05  Corruptor x4  
  129  13:07  Corruptor x4  
  129  13:08  Mutalisk x3  
  129  13:09  Infestor x2  
  146  13:18  Zerg Flyer Weapons Level 3  
  146  13:27  Drone x3, Spine Crawler x3  
  146  13:30  Drone  
  147  13:45  Viper x2  
  147  13:46  Viper  
  152  14:10  Burrow  
  152  14:14  Zerg Ground Armor Level 1, Zerg Melee Weapons Level 1  
  151  14:20  Corruptor x3  
  151  14:21  Corruptor x2  
  147  14:44  Infestor  
  147  14:45  Infestor x6  
  158  15:02  Infestor x4  
  161  15:13  Zerg Flyer Armor Level 3  
  161  15:28  Infestor  
  151  15:40  Drone x3  
  151  15:42  Spore Crawler  
  153  15:55  Drone x4  
  153  15:56  Spine Crawler  
  156  15:59  Spine Crawler  
  155  16:07  Brood Lord x5  
  155  16:08  Zerg Missile Weapons Level 1, Brood Lord x2  
  169  16:11  Drone x2  
  169  16:12  Corruptor x6  
  169  16:13  Corruptor x4  
  183  16:46  Corruptor x3  
  185  16:47  Infestor x2  
  185  16:49  Drone x2  
  185  16:50  Drone x3  
  198  16:56  Corruptor  
  144  17:27  Corruptor x5  
  144  17:28  Corruptor x7  
  164  17:31  Drone x4  
  164  17:33  Extractor  
  164  17:35  Extractor  
  164  17:36  Extractor  
  137  17:47  Overseer  
  137  17:48  Overseer x3, Corruptor x2  
  137  17:49  Overlord x4  
  137  17:50  Corruptor, Overlord x2  
  143  17:52  Drone x2  
  137  17:59  Viper  
  140  18:10  Corruptor x3  
  138  18:18  Corruptor x2  
  134  18:24  Corruptor  
  134  18:26  Zergling x12  
  134  18:27  Zergling x6  
  138  18:30  Drone x2  
  138  18:31  Drone  
Show
View Real Time Build Order
Export as new Build Order

Farbros Protoss - Winner!

Build Orders: Carriers 

Get SALT Encoding   

  12  0:00  Probe  
  13  0:12  Probe  
  14  0:17  Pylon  
  14  0:24  Probe (Chrono Boost)  
  16  0:37  Probe (Chrono Boost)  
  16  0:40  Gateway  
  16  0:43  Probe (Chrono Boost)  
  16  0:46  Assimilator  
  17  0:51  Probe  
  17  0:56  Assimilator  
  18  1:03  Probe  
  19  1:15  Probe (Chrono Boost)  
  21  1:27  Probe (Chrono Boost)  
  21  1:30  Cybernetics Core  
  21  1:31  Probe (Chrono Boost)  
  22  1:40  Pylon  
  22  1:43  Probe  
  23  1:58  Probe  
  24  2:10  Probe (Chrono Boost)  
  24  2:14  Nexus  
  25  2:18  Stargate  
  26  2:23  Probe (Chrono Boost)  
  26  2:31  Probe (Chrono Boost)  
  26  2:33  Warp Gate  
  27  2:37  Probe  
  28  2:48  Pylon  
  28  2:49  Probe  
  29  3:01  Probe  
  30  3:07  Void Ray (Chrono Boost), Fleet Beacon  
  30  3:13  Probe  
  35  3:25  Probe (Chrono Boost)  
  37  3:29  Probe (Chrono Boost)  
  37  3:37  Probe (Chrono Boost), Void Ray  
  37  3:41  Probe (Chrono Boost)  
  39  3:42  Probe (Chrono Boost)  
  44  3:49  Probe  
  44  3:50  Assimilator  
  44  3:52  Probe  
  44  3:53  Pylon  
  44  3:54  Assimilator  
  46  4:01  Probe  
  47  4:04  Probe  
  48  4:10  Pylon  
  48  4:14  Probe, Void Ray  
  48  4:16  Probe  
  54  4:26  Probe  
  54  4:28  Probe  
  56  4:33  Stargate  
  56  4:38  Probe  
  57  4:40  Probe, Nexus  
  57  4:43  Pylon  
  58  4:50  Probe  
  58  4:51  Void Ray  
  59  4:55  Flux Vanes  
  59  4:57  Probe  
  64  5:05  Shield Battery  
  64  5:06  Shield Battery  
  64  5:10  Probe x2 (Chrono Boost)  
  66  5:17  Pylon x2  
  66  5:18  Void Ray  
  66  5:20  Probe x2 (Chrono Boost)  
  68  5:25  Probe x2 (Chrono Boost)  
  74  5:28  Void Ray  
  78  5:38  Probe x2  
  80  5:48  Forge  
  80  5:49  Protoss Air Weapons Level 1  
  80  5:52  Probe x2  
  80  5:53  Probe  
  87  6:09  Probe x2  
  89  6:11  Assimilator  
  89  6:14  Assimilator  
  89  6:15  Pylon  
  89  6:27  Phoenix x2 (Chrono Boost)  
  89  6:34  Probe  
  89  6:35  Probe  
  91  6:41  Anion Pulse-Crystals  
  91  6:44  Phoenix x2 (Chrono Boost)  
  95  6:47  Photon Cannon  
  95  6:49  Photon Cannon  
  95  6:51  Shield Battery  
  95  6:53  Photon Cannon  
  95  6:57  Photon Cannon  
  95  6:59  Photon Cannon  
  95  7:01  Stargate  
  95  7:02  Shield Battery  
  95  7:04  Probe  
  95  7:05  Probe x2  
  95  7:07  Phoenix x2  
  102  7:09  Photon Cannon  
  102  7:11  Photon Cannon  
  102  7:13  Photon Cannon  
  102  7:16  Photon Cannon  
  102  7:31  Phoenix  
  102  7:32  Phoenix  
  106  7:39  Protoss Shields Level 1  
  106  7:51  Nexus  
  106  7:54  Pylon  
  106  7:56  Probe, Protoss Air Weapons Level 2 (Chrono Boost)  
  113  8:17  Carrier x2 (Chrono Boost), Shield Battery x2  
  109  8:21  Carrier (Chrono Boost)  
  109  8:22  Photon Cannon  
  109  8:23  Photon Cannon  
  109  8:25  Photon Cannon  
  125  8:49  Assimilator  
  125  8:53  Pylon, Assimilator  
  125  8:56  Pylon  
  125  9:00  Pylon  
  125  9:02  Twilight Council  
  125  9:03  Probe x2, Gateway  
  125  9:04  Probe  
  125  9:05  Probe, Gateway  
  125  9:08  Gateway x2  
  129  9:15  Mothership  
  137  9:33  Carrier  
  137  9:34  Carrier, Protoss Shields Level 2  
  155  9:41  Templar Archives  
  155  9:47  Pylon  
  155  9:48  Pylon  
  155  9:49  Pylon x2  
  155  9:56  Probe  
  150  10:11  Psionic Storm  
  150  10:13  Protoss Air Weapons Level 3 (Chrono Boost)  
  150  10:15  Gateway, Stargate  
  150  10:17  Gateway  
  150  10:19  Gateway  
  150  10:21  High Templar  
  152  10:23  Photon Cannon  
  152  10:27  Photon Cannon  
  152  10:30  High Templar  
  152  10:31  Photon Cannon x2  
  152  10:33  Shield Battery  
  154  10:44  High Templar x2  
  162  10:57  Carrier  
  162  11:04  Shield Battery  
  164  11:07  Photon Cannon  
  164  11:09  Photon Cannon  
  164  11:12  Photon Cannon  
  164  11:16  High Templar x2  
  168  11:24  High Templar x2  
  172  11:45  Probe  
  172  11:50  Carrier  
  172  11:51  Carrier  
  184  12:00  Stargate  
  184  12:04  Stargate, Protoss Shields Level 3  
  184  12:09  Pylon  
  184  12:11  Pylon  
  184  12:12  Pylon  
  184  12:29  Pylon  
  184  12:51  Protoss Air Armor Level 1 (Chrono Boost)  
  140  13:01  Carrier x3 (Chrono Boost)  
  136  13:15  Zealot x6  
  136  13:16  Zealot x2  
  146  13:36  Carrier  
  146  13:38  Carrier x2  
  146  13:41  Zealot x8  
  180  13:52  Void Ray x3  
  174  14:05  Charge (Chrono Boost)  
  192  14:46  Tempest x3  
  192  14:50  Zealot x4  
  199  15:06  Mothership (Chrono Boost)  
  181  15:48  High Templar x8  
  183  15:50  Pylon, Assimilator  
  183  15:55  Protoss Ground Weapons Level 1  
  179  16:13  Protoss Air Armor Level 2 (Chrono Boost)  
  179  17:05  Zealot x5  
  189  17:14  Void Ray  
  177  17:29  Zealot x3  
  173  17:30  Zealot x5  
  179  17:39  Void Ray x3  
  179  17:40  Void Ray x2  
  177  17:56  Zealot x8  
  147  18:27  Zealot x7  
  157  18:49  Zealot x2  
  157  18:50  Zealot x6  
  157  18:55  Nexus  
  163  18:57  Pylon  
Show
View Real Time Build Order
Export as new Build Order

TbIrEnИй Terran - Winner!

Build Orders:  

Get SALT Encoding   

  12  0:01  SCV  
  13  0:13  SCV  
  14  0:17  Supply Depot  
  14  0:26  SCV  
  15  0:38  SCV  
  15  0:42  Barracks  
  16  0:50  SCV  
  16  0:51  Refinery  
  17  1:03  SCV  
  18  1:15  SCV  
  19  1:27  SCV  
  20  1:39  Orbital Command  
  20  1:41  Reaper  
  21  1:48  Command Center  
  21  2:02  Refinery  
  21  2:05  SCV  
  22  2:11  Factory  
  22  2:16  Supply Depot  
  22  2:17  SCV  
  23  2:38  SCV  
  23  2:40  Barracks  
  25  2:45  Barracks Reactor  
  25  2:50  SCV  
  25  2:56  Starport, Factory Reactor  
  25  3:02  SCV, Orbital Command  
  26  3:14  SCV  
  27  3:26  SCV  
  28  3:31  SCV  
  29  3:38  Starport Reactor  
  29  3:39  SCV  
  30  3:44  SCV  
  30  3:45  Marine x3  
  30  3:47  Factory Tech Lab  
  33  3:49  Factory Tech Lab  
  33  3:52  SCV  
  34  3:56  Refinery, SCV  
  34  4:02  Marine  
  36  4:03  Marine x3  
  36  4:04  SCV  
  36  4:05  Supply Depot  
  36  4:08  SCV  
  41  4:14  Medivac x2  
  41  4:16  SCV  
  46  4:20  Supply Depot  
  46  4:27  SCV  
  46  4:28  SCV, Marine x2  
  46  4:30  Marine, Stimpack  
  51  4:32  Hellion  
  53  4:39  SCV, Hellion  
  53  4:40  SCV  
  53  4:42  Supply Depot  
  57  4:47  Marine x2  
  57  4:48  Marine  
  57  4:51  SCV  
  57  4:52  SCV  
  62  4:54  Hellion  
  64  5:00  Hellion  
  64  5:07  SCV x2, Liberator x2  
  74  5:15  Hellion  
  74  5:19  Supply Depot  
  74  5:21  SCV, Command Center, Supply Depot  
  77  5:23  Marine  
  78  5:40  Marine x2  
  78  5:41  SCV  
  81  5:43  Supply Depot  
  81  5:44  Supply Depot  
  81  5:46  Marine  
  81  5:48  Hellion x2  
  86  5:58  Marine x2  
  88  6:12  SCV x2  
  88  6:16  Command Center  
  90  6:20  Factory x2  
  90  6:24  SCV  
  90  6:25  SCV  
  68  6:46  SCV x2, Engineering Bay  
  64  6:47  Widow Mine x2  
  64  6:52  Armory  
  64  6:55  Refinery  
  64  6:58  SCV x2, Marine  
  64  6:59  Marine, Medivac x2  
  64  7:01  Marine  
  73  7:04  Factory Tech Lab x2  
  73  7:10  SCV x2  
  73  7:12  Widow Mine x2  
  79  7:22  SCV, Factory  
  80  7:29  Sensor Tower  
  80  7:34  Planetary Fortress  
  80  7:37  Orbital Command  
  80  7:38  SCV  
  80  7:39  SCV  
  80  7:41  Missile Turret  
  80  7:44  Missile Turret  
  82  7:45  Missile Turret  
  82  7:49  Sensor Tower  
  82  7:50  SCV  
  83  7:54  Thor  
  83  7:57  Thor  
  95  8:16  SCV x2  
  95  8:18  Refinery, SCV x2, Sensor Tower  
  95  8:19  Refinery  
  99  8:22  Missile Turret  
  99  8:23  Missile Turret x3  
  99  8:25  Terran Vehicle And Ship Armor Level 1  
  99  8:28  SCV x2  
  99  8:29  Armory  
  101  8:34  Factory  
  101  8:43  Missile Turret x2  
  101  8:47  SCV x3  
  101  8:48  SCV  
  105  9:07  Siege Tank x2  
  105  9:08  Thor  
  121  9:10  Hellion x2  
  121  9:15  SCV x4, Command Center  
  125  9:23  Terran Vehicle Weapons Level 1  
  125  9:55  Factory  
  125  10:00  Factory, Viking x2  
  125  10:01  Hellion  
  125  10:02  Hellion x4  
  125  10:03  Factory  
  139  10:09  Supply Depot  
  139  10:10  Supply Depot x2  
  139  10:12  Supply Depot x2  
  139  10:15  Supply Depot  
  139  10:16  Supply Depot x2  
  139  10:19  Terran Vehicle And Ship Armor Level 2  
  139  10:26  Thor  
  139  10:27  Siege Tank  
  148  10:38  Hellion  
  148  10:39  Hellion  
  156  10:43  Hellion x3  
  158  10:55  Refinery  
  158  10:57  Command Center  
  158  10:58  Missile Turret  
  158  10:59  Refinery, Hellion  
  158  11:00  Missile Turret  
  158  11:01  Missile Turret  
  158  11:04  Thor  
  160  11:09  Siege Tank  
  155  11:20  Factory Tech Lab, Factory Reactor, Thor  
  155  11:23  Factory Tech Lab  
  155  11:24  Widow Mine  
  155  11:25  Widow Mine x3  
  169  11:31  Neosteel Armor  
  169  11:34  Missile Turret  
  169  11:35  Missile Turret  
  169  11:37  Missile Turret  
  169  11:41  Thor  
  169  11:44  Thor  
  181  12:01  Thor  
  187  12:03  Widow Mine, Thor  
  187  12:04  Orbital Command, Hellion  
  185  13:04  Siege Tank  
  185  13:05  Hellion x2, Siege Tank x3  
  199  13:06  Hellion  
  199  13:11  Hi-Sec Auto Tracking  
  193  13:18  Hellion  
  193  13:19  Hellion  
  173  13:36  Siege Tank  
  174  13:52  Planetary Fortress  
  173  14:00  Command Center x2  
  173  14:01  SCV  
  173  14:02  SCV x3  
  176  14:06  Widow Mine x4  
  176  14:07  Thor, Siege Tank x2  
  176  14:08  Viking x2  
  200  14:12  Terran Vehicle Weapons Level 2  
  200  14:13  Terran Vehicle And Ship Armor Level 3  
  190  14:49  Siege Tank x2  
  190  14:50  Hellion x2  
  197  15:07  SCV x4  
  200  15:23  Missile Turret  
  200  15:30  Command Center  
  200  15:32  Command Center  
  200  15:33  Refinery  
  200  15:34  Missile Turret  
  200  15:35  Refinery  
  200  15:41  Missile Turret  
  198  15:42  Missile Turret  
  198  15:43  Missile Turret  
  198  15:45  Missile Turret  
  198  15:47  Missile Turret  
  198  15:49  Missile Turret  
  198  15:56  Siege Tank  
  199  15:58  Siege Tank x3  
  199  16:02  Hellion  
  177  16:23  Hellion x2  
  177  16:24  Hellion x4  
  188  16:28  Siege Tank  
  188  16:30  Siege Tank x3  
  142  16:45  Widow Mine x2, Hellion x4  
  134  17:00  Siege Tank  
  133  17:02  Siege Tank  
  133  17:03  Thor x2  
  133  17:04  Viking  
  143  17:16  Hellion x4  
  136  17:32  Thor  
  136  17:34  Thor  
  141  17:45  Planetary Fortress, Thor  
  141  17:51  Hellion x7  
  161  18:15  Widow Mine, Hellion x3, Siege Tank x2  
Tags
 
Add a new tag
Caveats
  • Supply blocks, unpowered buildings, or Contaminate may cause inaccurate times.
  • Supply counts are checked every 10 seconds.